 Dungeon Crawl Stone Soup version 0.30-b1-2-g02819fbbbe (webtiles) character file.

Game seed: 221922446279041827

53 Borgoz the Trooper (level 3, 0/33 HPs)
             Began as a Hill Orc Berserker on June 17, 2023.
             Was a Follower of Trog.
             Slain by Natasha (1 damage)
             ... on level 2 of the Dungeon.
             The game lasted 00:01:32 (771 turns).

Borgoz the Trooper (Hill Orc Berserker)              Turns: 771, Time: 00:01:33

Health: 0/33       AC:  4    Str: 19    XL:     3   Next: 87%
Magic:  3/3        EV: 12    Int:  7    God:    Trog [*.....]
Gold:   48         SH:  0    Dex: 12    Spells: 2/2 levels left

rFire   . . .        a - +0 falchion
rCold   . . .        (no shield)
rNeg    . . .        b - +0 animal skin
rPois   .            (no helmet)
rElec   .            e - +0 cloak
rCorr   .            g - +0 pair of gloves
SInv    .            (no boots)
Will    .....        (no amulet)
Stlth   +            (no ring)
HPRegen 0.25/turn    (no ring)
MPRegen 0.08/turn

%: no passive effects
@: brilliant, on berserk cooldown, slowed, invisible, very slow
A: no striking features
a: Renounce Religion, Berserk


You were on level 2 of the Dungeon.
You worshipped Trog.
Trog was aware of your devotion.
You visited 1 branch of the dungeon, and saw 2 of its levels.

You collected 48 gold pieces.

Inventory:

Hand Weapons
 a - a +0 falchion (weapon)
Armour
 b - a +0 animal skin (worn)
 e - a +0 cloak (worn)
 g - a +0 pair of gloves (worn)


   Skills:
 * Level 4.1 Fighting
 * Level 3.8 Long Blades
 * Level 2.8 Armour
 * Level 2.1 Dodging
 + Level 0.5 Stealth


You had 2 spell levels left.
You didn't know any spells.
Your spell library was empty.

Dungeon Overview and Level Annotations

Branches:
Dungeon (2/15)

Altars:

Annotations:
D:2 Natasha


Message History

The cerulean imp barely misses you.
Okay, then.
Okay, then.
You slash Natasha!
Natasha is heavily wounded.
Natasha closely misses you.
The cerulean imp hits you from afar with a +1 spear.
* * * LOW HITPOINT WARNING * * *
The cerulean imp misses you. Natasha claws you.
* * * LOW HITPOINT WARNING * * *
The cerulean imp barely misses you.
The cerulean imp hits you from afar with a +2 spear.
* * * LOW HITPOINT WARNING * * *
It was a potion of brilliance.
You feel clever all of a sudden.
The cerulean imp disappears in a puff of smoke!
Natasha closely misses you. The cerulean imp barely misses you.
It was a potion of heal wounds.
You feel much better. Natasha closely misses you.
The cerulean imp hits you from afar with a +2 spear.
Natasha claws you but does no damage. The cerulean imp barely misses you.
You closely miss Natasha.
Natasha is heavily wounded.
Natasha claws you. The cerulean imp barely misses you.
Natasha barely misses you.
You closely miss Natasha.
Natasha is heavily wounded.
The cerulean imp hits you from afar with a +2 spear.
Natasha claws you!
* * * LOW HITPOINT WARNING * * *
The cerulean imp hits you from afar with a +2 spear.
* * * LOW HITPOINT WARNING * * *
It was a potion of invisibility.
You fade into invisibility!
Natasha claws you.
* * * LOW HITPOINT WARNING * * *
The cerulean imp hits you from afar with a +2 spear.
* * * LOW HITPOINT WARNING * * *
Natasha claws you.
You die...

#.......#
#.......#
#.......#
#.......#
#...)...#
####.......#
.......5...#
.....###h###
..... #@# ..
..... #.#
..... ....
#.# ..... ...
#.# ####.....
#.# #......#
#.# #......#
#.####......#
#....'......#
######......#


You could see Natasha and a cerulean imp (summoned, unable to see you).

Vanquished Creatures
  Natasha (D:2)
  A dart slug (D:1)
  3 bats (D:1)
  2 endoplasms (D:1)
  3 goblins (D:1)
  3 hobgoblins (D:1)
  4 jackals (D:1)
  A kobold (D:2)
  2 ball pythons (D:1)
  A frilled lizard (D:1)
  A rat (D:1)
22 creatures vanquished.

Vanquished Creatures (others)
  7 withered plants (D:1)
7 creatures vanquished.

Grand Total: 29 creatures vanquished

Notes
Turn   | Place    | Note
-------+----------+-------------------------------------------
     0 | D:1      | Borgoz the Hill Orc Berserker began the quest for the Orb.
     0 | D:1      | Reached XP level 1. HP: 19/19 MP: 1/1
    54 | D:1      | Reached XP level 2. HP: 11/27 MP: 2/2
   334 | D:1      | Found a faded altar of an unknown god.
   633 | D:1      | Reached XP level 3. HP: 32/33 MP: 3/3
   729 | D:2      | Noticed Natasha
   735 | D:2      | Killed Natasha
   736 | D:2      | Reached skill level 4 in Fighting
   756 | D:2      | Noticed Natasha
   771 | D:2      | HP: 1/33 [cerulean imp/+2 spear[Natasha] (1)]
   771 | D:2      | Slain by Natasha

Illustrated notes

Levels and vault maps discovered:
D:1:      dpeg_arrival_simpleton_a, layout_basic,
          shapermc_ecumenical_altar_flowoftime, minmay_split_cup_large
D:2:      layout_basic, uniq_natasha

Skill      XL: |  1  2  3 |
---------------+----------+-----
Fighting       | 4 |  4.1
Dodging        | 2 |  2.1
Long Blades    | |  3.8
Armour         | |  2.8
Stealth        | |  0.5

Action                     || total
---------------------------++-------
  Melee: Falchion          ||   109
         Punch             ||     1
 Invoke: Berserk           ||     1
    Use: Scroll            ||     2
         Potion            ||     3
 Armour: Animal skin       ||    17
  Dodge: Dodged            ||    62
